 Dungeon Crawl Stone Soup version 0.22-a0-551-g3b2bdd4ba6 (webtiles) character file.

19028 ZyGmUnTMoLoTcH the Arsonist (level 12, -12/96 HPs)
             Began as an Ogre Wizard on June 25, 2018.
             Was a Priest of Vehumet.
             Mangled by a spiny frog (20 damage)
             ... on level 3 of the Lair of Beasts.
             The game lasted 00:47:50 (19329 turns).

ZyGmUnTMoLoTcH the Arsonist (Ogre Wizard)          Turns: 19329, Time: 00:47:51

Health: -12/96     AC: 13    Str: 14    XL:     12   Next: 64%
Magic:  3/27       EV: 10    Int: 23    God:    Vehumet [***...]
Gold:   636        SH:  0    Dex:  7    Spells: 14/33 levels left

rFire    + + .     SeeInvis .   r - +0 scythe (elec)
rCold    . . .     Gourm    +   (shield currently unavailable)
rNeg     . . .     Faith    .   B - +2 robe {rF+}
rPois    .         Spirit   .   b - +0 hat
rElec    .         Reflect  .   M - +1 cloak
rCorr    .         Harm     .   (gloves unavailable)
MR       +....                  (boots unavailable)
Stlth    +.........             l - amulet of the gourmand
HPRegen  0.26/turn              u - ring of protection from fire
MPRegen  0.20/turn              P - +6 ring of protection

@: no status effects
A: large, unfitting armour, tough skin 1
a: Renounce Religion


You were on level 3 of the Lair of Beasts.
You worshipped Vehumet.
Vehumet was most pleased with you.
You were very full.

You visited 4 branches of the dungeon, and saw 16 of its levels.
You also visited: Volcano.

You collected 972 gold pieces.
You spent 336 gold pieces at shops.

Inventory:

Hand Weapons
 c - a +0 giant club of flaming
 q - a +0 giant club of flaming
 r - a +0 scythe of electrocution (weapon)
 G - a +5 quarterstaff of chaos
Missiles
 w - 2 throwing nets (quivered)
 J - 3 large rocks
Armour
 b - a +0 hat (worn)
 B - a +2 robe of fire resistance (worn)
 M - a +1 cloak (worn)
Jewellery
 f - a +1 ring of evasion
 l - an amulet of the gourmand (around neck)
 u - a ring of protection from fire (left hand)
 E - an uncursed ring of protection from magic
 P - a +6 ring of protection (right hand)
Wands
 m - a wand of flame (22)
 O - a wand of digging (17)
Scrolls
 e - 2 scrolls of enchant weapon
 h - 6 scrolls of remove curse
 k - 2 scrolls of teleportation
 v - 2 scrolls of enchant armour
 y - a scroll of noise {unknown}
 A - a scroll of amnesia
 C - a scroll of brand weapon
 D - a scroll of identify
Potions
 g - 2 potions of mutation
 i - 4 potions of brilliance
 j - 2 potions of agility
 n - 4 potions of flight
 o - 3 potions of berserk rage
 p - 7 potions of heal wounds {unknown}
 t - 3 potions of haste
 z - 2 potions of lignification
 F - a potion of might
 K - 2 potions of magic
 L - a potion of ambrosia
Comestibles
 d - 24 rations


   Skills:
 - Level 1.7 Dodging
 - Level 1.4 Stealth
 - Level 11.3 Spellcasting
 - Level 10.4 Conjurations
 - Level 0.8 Summonings
 - Level 0.8 Translocations
 * Level 12.6 Fire Magic


You had 14 spell levels left.
You knew the following spells:

 Your Spells              Type           Power        Failure   Level  Hunger
a - Magic Dart            Conj           ####         1%          1    None
b - Blink                 Tloc           N/A          5%          2    None
c - Call Imp              Summ           ###.....     5%          2    None
d - Mephitic Cloud        Conj/Pois/Air  ####....     1%          3    None
e - Conjure Flame         Conj/Fire      ######..     1%          3    None
g - Sting                 Conj/Pois      ####         1%          1    None
h - Throw Flame           Conj/Fire      ######       1%          2    None
i - Venom Bolt            Conj/Pois      #####.....   4%          5    ####...

Your spell library contained the following spells:

 Spells                   Type           Power        Failure   Level  Hunger
 Slow                     Hex            ##......     8%          2    None
 Olgreb's Toxic Radiance  Pois           ##......     13%         4    None
 Poisonous Vapours        Pois/Air       ##....       8%          2    None


Dungeon Overview and Level Annotations

Branches:
Dungeon (11/15)            Temple (1/1) D:7            Lair (3/6) D:8
 Spider (0/4) Lair:3          Orc (1/2) D:9
  Swamp: Lair:2-4    Shoals: Lair:2-4

Altars:
Cheibriados
Elyvilon
Fedhas
Hepliaklqana
Kikubaaqudgha
Makhleb
Nemelex Xobeh
Qazlal
Ru
Trog
Uskayaw
Vehumet
Wu Jian
Xom
Zin
The Shining One
Beogh

Shops:
D:6 %   D:9 *

Annotations:
D:6 Prince Ribbit
Lair:1 exclusion: 2 oklob plants
Lair:3 Fannar
Orc:1 1 runed door, Soveliss's ghost, journeyman DrFi


Innate Abilities, Weirdness & Mutations

You are too large for most types of armour.
You have tough skin. (AC +1)


Message History

The now-empty wand crumbles to dust.
You feel sick. The spiny frog stings you!!
* * * LOW HITPOINT WARNING * * *
Unknown command.
Unknown command.
Unknown command.
Unknown command.
Unknown command.
You feel better.
The spiny frog stings you but does no damage.
You feel better. The spiny frog stings you!
* * * LOW HITPOINT WARNING * * *
Unknown command.
Unknown command.
You barely miss the spiny frog.
The spiny frog is almost dead.
The spiny frog stings you.
* * * LOW HITPOINT WARNING * * *
The spiny frog stings you but does no damage.
The spiny frog stings you!!
You die...

*...,*** **,*,,,
*...** ***,,, *#.##
*,,,, #..# **,*,
##..* ***,*,, #..##
**,***,, #...##
**,****,, ##F...#
**,8,,*,,* #.@P###
*,,,,,*,,, #..##
*8,>,,+,,, ##.##
*,,,,,*,,*
#.+.#####**,8,**,,*
##.......###.****,,,
#........+..)***,*,,
##...........,,,,*,,
#)......###.*,,,,*,
#*#.......P#*,,,,,,**


You could see a spiny frog.

Vanquished Creatures
  A hydra (Lair:3)
  4 two-headed ogres
  An ogre mage (Volcano)
  A fire crab (Lair:3)
  3 elephants (Lair:3)
  A black mamba (Lair:2)
  A centaur zombie (D:10)
  2 rime drakes
  2 komodo dragons
  A polar bear (Lair:2)
  2 trolls (D:10)
  3 hippogriffs
  4 blink frogs (Lair:1)
  16 yaks
  6 fire bats (Volcano)
  A hungry ghost (D:7)
  2 basilisks
  2 water moccasins (Lair:2)
  3 porcupines
  An ice beast (D:8)
  4 orc warriors (Orc:1)
  6 sky beasts
  6 black bears
  5 ogres
  4 phantoms
  An eye of draining (D:8)
  6 crocodiles
  4 centaurs
  2 big kobolds
  A wyvern zombie (D:8)
  2 bullfrogs
  2 scorpions
  4 killer bees (D:9)
  A howler monkey (D:7)
  2 electric eels
  2 crimson imps
  6 lava snakes (Volcano)
  3 bullfrog skeletons
  Crazy Yiuf (D:7)
  3 jellies
  4 hounds
  10 orc priests
  13 orc wizards
  An iguana (D:9)
  7 worker ants
  A hound zombie (D:6)
  2 worker ant zombies
  A howler monkey skeleton (D:9)
  7 gnolls
  11 adders
  An adder zombie (D:6)
  An adder skeleton (D:5)
  4 worms
  2 dart slugs
  8 leopard geckos
  43 orcs
  6 bats
  11 giant cockroaches
  8 goblins
  7 hobgoblins
  5 jackals
  7 quokkas
  5 frilled lizards
  8 kobolds
  2 quokka skeletons
  7 rats
304 creatures vanquished.

Vanquished Creatures (collateral kills)
  A two-headed ogre (D:8)
  Sigmund (D:2)
  A centaur (D:6)
  A killer bee (D:9)
4 creatures vanquished.

Vanquished Creatures (others)
  A centaur (D:6)
  3 bullfrogs (D:6)
  A killer bee (D:9)
  7 fungi
  2 plants (Lair:1)
14 creatures vanquished.

Grand Total: 322 creatures vanquished

Notes
Turn   | Place    | Note
-------+----------+-------------------------------------------
     0 | D:1      | ZyGmUnTMoLoTcH the Ogre Wizard began the quest for the Orb.
     0 | D:1      | Reached XP level 1. HP: 16/16 MP: 5/5
    34 | D:1      | Reached skill level 1 in Conjurations
   211 | D:1      | Reached XP level 2. HP: 24/24 MP: 4/6
   215 | D:1      | Learned a level 2 spell: Blink
   218 | D:1      | Learned a level 2 spell: Call Imp
  1132 | D:2      | Reached XP level 3. HP: 31/31 MP: 6/8
  1236 | D:2      | Learned a level 3 spell: Mephitic Cloud
  1384 | D:2      | Noticed Sigmund
  1416 | D:2      | Killed Sigmund
  1416 | D:2      | Reached XP level 4. HP: 39/39 MP: 1/9
  1416 | D:2      | Reached XP level 5. HP: 45/45 MP: 1/10
  1752 | D:2      | Found a hazy altar of Hepliaklqana.
  1756 | D:2      | Reached skill level 5 in Conjurations
  2382 | D:3      | Reached XP level 6. HP: 53/53 MP: 5/11
  3018 | D:4      | Learned a level 3 spell: Conjure Flame
  3747 | D:4      | Found a hide-covered altar of Uskayaw.
  3968 | D:4      | Reached skill level 1 in Fire Magic
  4103 | D:5      | Entered Level 5 of the Dungeon
  4107 | D:5      | Noticed a sky beast
  4160 | D:5      | Found a sparkling altar of Nemelex Xobeh.
  4172 | D:5      | Reached XP level 7. HP: 59/59 MP: 8/13
  4882 | D:5      | Found a snail-covered altar of Cheibriados.
  5080 | D:6      | Reached skill level 2 in Fire Magic
  5546 | D:6      | Reached skill level 5 in Spellcasting
  5546 | D:6      | Reached XP level 8. HP: 67/67 MP: 11/15
  5731 | D:6      | Found a bloodstained altar of Trog.
  5844 | D:6      | Found a shimmering altar of Xom.
  6131 | D:6      | Reached skill level 3 in Fire Magic
  6437 | D:6      | Noticed Prince Ribbit
  6538 | D:6      | Found Anaimoki's Food Shop.
  6720 | D:7      | Found a staircase to the Ecumenical Temple.
  6729 | Temple   | Entered the Ecumenical Temple
  6739 | Temple   | Became a worshipper of Vehumet
  7314 | D:7      | Reached XP level 9. HP: 74/74 MP: 13/19
  7673 | D:7      | Found a runed door.
  7677 | D:7      | Noticed Crazy Yiuf
  7681 | D:7      | Killed Crazy Yiuf
  7979 | D:8      | Noticed an elephant
  8006 | D:8      | Reached skill level 4 in Fire Magic
  8351 | D:8      | Reached * piety under Vehumet
  8351 | D:8      | Offered knowledge of Freeze by Vehumet.
  8351 | D:8      | Noticed a two-headed ogre
  8371 | D:8      | Learned a level 1 spell: Freeze
  8389 | D:8      | Killed a two-headed ogre
  8994 | D:8      | Found a staircase to the Lair.
  9845 | D:8      | Reached XP level 10. HP: 80/81 MP: 17/23
  9955 | D:9      | Found Liurej's Demolitions Depot.
  9961 | D:9      | Bought a wand of acid (8) for 336 gold pieces
  9984 | D:9      | Noticed a two-headed ogre
 10040 | D:8      | Reached skill level 5 in Fire Magic
 10698 | D:9      | Found a staircase to the Orcish Mines.
 11045 | D:9      | Found a blossoming altar of Fedhas.
 11113 | D:9      | Found a roughly hewn altar of Beogh.
 11128 | D:9      | Offered knowledge of Sting by Vehumet.
 11130 | D:9      | Reached ** piety under Vehumet
 11331 | D:9      | Reached skill level 10 in Spellcasting
 11691 | D:9      | Found a stormy altar of Qazlal.
 11836 | D:10     | Entered Level 10 of the Dungeon
 11888 | D:10     | Learned a level 1 spell: Sting
 12198 | D:10     | Reached skill level 10 in Conjurations
 12359 | D:9      | Reached skill level 6 in Fire Magic
 13136 | D:10     | Reached XP level 11. HP: 47/88 MP: 5/26
 13413 | D:10     | Offered knowledge of Throw Flame by Vehumet.
 13420 | D:10     | Learned a level 2 spell: Throw Flame
 13644 | D:9      | Killed a two-headed ogre
 13644 | D:9      | Reached skill level 7 in Fire Magic
 13706 | Orc:1    | Entered Level 1 of the Orcish Mines
 14499 | Orc:1    | Reached *** piety under Vehumet
 14511 | Orc:1    | Found a runed door.
 14511 | Orc:1    | Found a shimmering altar of Xom.
 14511 | Orc:1    | Noticed Soveliss's ghost (journeyman DrFi)
 14511 | Orc:1    | Noticed a scimitar of chaos
 14741 | Lair:1   | Entered Level 1 of the Lair of Beasts
 14759 | Lair:1   | Learned a level 5 spell: Venom Bolt
 14897 | Lair:1   | Reached skill level 8 in Fire Magic
 15517 | Lair:1   | Offered knowledge of Ignite Poison by Vehumet.
 15542 | Lair:1   | Reached skill level 9 in Fire Magic
 16278 | Lair:1   | Noticed an oklob plant
 16280 | Lair:1   | Noticed an oklob plant
 16865 | Lair:2   | Reached skill level 10 in Fire Magic
 17491 | Lair:2   | Found the cursed +14 obsidian axe {chop, +Fly SInv *Curse}
 17919 | Lair:3   | Reached XP level 12. HP: 84/96 MP: 18/27
 18090 | Lair:3   | Found a dark tunnel.
 18096 | Volcano  | Entered a volcano
 18114 | Volcano  | Reached skill level 11 in Fire Magic
 18284 | Volcano  | Noticed a two-headed ogre
 18607 | Volcano  | Killed a two-headed ogre
 18607 | Volcano  | Reached **** piety under Vehumet
 18608 | Volcano  | Noticed a two-headed ogre
 18608 | Volcano  | Noticed a two-headed ogre
 18613 | Volcano  | Noticed an ogre mage
 18617 | Volcano  | Killed a two-headed ogre
 18620 | Volcano  | Killed a two-headed ogre
 18623 | Volcano  | Killed an ogre mage
 18623 | Volcano  | Reached skill level 12 in Fire Magic
 18645 | Volcano  | Found a radiant altar of Vehumet.
 18723 | Volcano  | Noticed a red draconian
 19155 | Lair:3   | Noticed Fannar
 19162 | Lair:3   | Noticed a six-headed hydra
 19270 | Lair:3   | Killed a six-headed hydra
 19326 | Lair:3   | HP: 4/96 [spiny frog (18)]
 19329 | Lair:3   | Mangled by a spiny frog

Vault maps used:
D:1:      dpeg_arrival_erosion
D:2:      kennysheep_six_static_rooms, old_standard_altar, uniq_sigmund
D:3:      first_ration
D:4:      eat_drink_and_be_merry_uskayaw
D:5:      nemelex_xobeh_ov_fountains_minmay, overflow_temple_1_default
D:6:      bloody_trog, xom_confusion_cloud, serial_shops,
          nicolae_shop_statue_plus, uniq_prince_ribbit1
D:7:      minmay_temple_entry_trees, uniq_crazy_yiuf_cottage
D:8:      david_lair_generic, blue_anna_alchemist, grunt_decor_arrowhead
D:9:      fedhas_altar_fruit_tree, nicolae_qazlal_style_of_elements,
          minmay_orc_entry_temple_small, hex_medium, nicolae_blasting_shop
D:11:     enter_trove_6, hangedman_minor_magic, uniq_erolcha
Temple:   nicolae_temple_great_sept
Lair:1:   minmay_lair_oklob_chamber
Lair:2:   nicolae_quartered_pool_little
Lair:3:   spider_nest_entry_webs, nicolae_volcano_entry_s_turn,
          grunt_megastairs_2, infiniplex_staircase_pool, uniq_fannar
Orc:1:    ebering_ghost_xom
Volcano:  volcano_grotto

Skill      XL: |  1  2  3  4  5  6  7  8  9 10 11 12 |
---------------+-------------------------------------+-----
Conjurations   | 1 2 4 5 6 7 8 9 10 | 10.4
Spellcasting   | 4 5 6 9 11 | 11.3
Fire Magic     | 1 2 3 4 6 10 12 | 12.6
Dodging        | |  1.7
Stealth        | |  1.4
Summonings     | |  0.8
Translocations | |  0.8

Action                   |  1- 3 |  4- 6 |  7- 9 | 10-12 || total
-------------------------+-------+-------+-------+-------++-------
Melee: Unarmed           |    16 |       |       |       ||    16
       Scythe            |       |    29 |   126 |    71 ||   226
 Cast: Magic Dart        |    57 |   121 |   274 |   178 ||   630
       Mephitic Cloud    |     2 |     5 |    19 |    53 ||    79
       Call Imp          |     1 |       |     7 |     1 ||     9
       Conjure Flame     |       |       |    19 |     8 ||    27
       Blink             |       |       |     2 |     2 ||     4
       Sting             |       |       |       |   276 ||   276
       Venom Bolt        |       |       |       |   111 ||   111
       Throw Flame       |       |       |       |    15 ||    15
Evoke: Wand              |       |       |       |    32 ||    32
  Use: Scroll            |       |       |     8 |    15 ||    23
       Potion            |       |       |       |     6 ||     6
 Stab: Confused          |     2 |       |     4 |     2 ||     8
  Eat: Chunk             |     1 |    19 |    19 |    37 ||    76
       Ration            |       |       |       |     2 ||     2
Armor: Robe              |     4 |     3 |    26 |   106 ||   139
Dodge: Dodged            |    13 |    22 |    69 |   135 ||   239

Table legend:
 A = Spawn XP
 B = Non-spawn XP
 C = Spawn XP percentage of total XP
 D = Spawn monster count
 E = Non-spawn monster count
 F = Spawn count percentage of total count
 G = Total turns spent on level
                    A         B        C        D         E        F      G
               +---------+---------+-------+---------+---------+-------+---------
         Total |       0 |   27183 |   0.0 |       0 |     309 |   0.0 | 19329
               +---------+---------+-------+---------+---------+-------+---------
           D:1 |       0 |      31 |   0.0 |       0 |      19 |   0.0 |  1041
           D:2 |       0 |     247 |   0.0 |       0 |      21 |   0.0 |   982
           D:3 |       0 |      87 |   0.0 |       0 |      28 |   0.0 |   799
           D:4 |       0 |     230 |   0.0 |       0 |      13 |   0.0 |  1320
           D:5 |       0 |     266 |   0.0 |       0 |      13 |   0.0 |  1095
           D:6 |       0 |     979 |   0.0 |       0 |      17 |   0.0 |  1400
           D:7 |       0 |    1117 |   0.0 |       0 |      20 |   0.0 |  1510
           D:8 |       0 |    1975 |   0.0 |       0 |      22 |   0.0 |  2086
           D:9 |       0 |    2922 |   0.0 |       0 |      47 |   0.0 |  2084
          D:10 |       0 |    3184 |   0.0 |       0 |      29 |   0.0 |  1423
        Lair:1 |       0 |    3862 |   0.0 |       0 |      20 |   0.0 |  1978
        Lair:2 |       0 |    2448 |   0.0 |       0 |      11 |   0.0 |  1253
        Lair:3 |       0 |    3807 |   0.0 |       0 |       9 |   0.0 |   720
         Orc:1 |       0 |     943 |   0.0 |       0 |      24 |   0.0 |   969
       Volcano |       0 |    5085 |   0.0 |       0 |      16 |   0.0 |   637
               +---------+---------+-------+---------+---------+-------+---------
